 Dungeon Crawl Stone Soup version 0.29-a0-410-g9596d59a08 (webtiles) character file.

Game seed: 13852909286361231333

287 Bruhh the Magician (level 6, -4/46 HPs)
             Began as a Djinni Cinder Acolyte on May 14, 2022.
             Was a High Priest of Ignis.
             Slain by an orc priest
             ... wielding a +0 trident
              (9 damage)
             ... on level 4 of the Dungeon.
             The game lasted 00:03:34 (4157 turns).

Bruhh the Magician (Djinni Cinder Acolyte)          Turns: 4157, Time: 00:03:34

Health: -4/46      AC:  3    Str: 13    XL:     6   Next: 56%
Gold:   191        EV: 11    Int: 17    God:    Ignis [*****.] SH:  0 Dex:  9

rFire   + + +      SeeInvis .   l - +3 quarterstaff (chaos)
rCold   x . .      Faith    .   (shield currently unavailable)
rNeg    . . .      Spirit   .   b - +0 robe
rPois   ∞          Reflect  .   (no helmet)
rElec   .          Harm     .   m - +0 cloak
rCorr   .          Rampage  .   (no gloves)
Will    .....                   (boots unavailable)
Stlth   +.........              (no amulet)
HPRegen 0.15/turn               (no ring)
MPRegen 0.00/turn               (no ring)

@: brilliant, flying
A: sickness immunity, fire resistance 2, cold vulnerability 1, float, innate
caster, HP casting, extra vitality 1
a: Renounce Religion, Fiery Armour, Foxfire Swarm, Rising Flame


You were on level 4 of the Dungeon.
You worshipped Ignis.
Ignis was extremely pleased with you.
You visited 1 branch of the dungeon, and saw 4 of its levels.

You collected 191 gold pieces.

Inventory:

Hand Weapons
 a - a -1 mace of flaming
 l - a +3 quarterstaff of chaos (weapon)
Armour
 b - a +0 robe (worn)
 m - a +0 cloak (worn)
Jewellery
 s - a ring of protection from cold
Wands
 o - a wand of iceblast (7)
Scrolls
 c - a scroll of summoning {unknown}
 e - a scroll of magic mapping {unknown}
 g - 6 scrolls of identify {unknown}
 i - 2 scrolls of teleportation {unknown}
 j - a scroll of enchant armour {unknown}
 n - a scroll of enchant weapon {unknown}
 q - 2 scrolls of vulnerability {unknown}
 r - a scroll of brand weapon {unknown}
Potions
 d - a potion of might {unknown}
 f - 3 potions of ambrosia
 h - a potion of invisibility {unknown}
 k - 2 potions of brilliance
 p - a potion of lignification {unknown}


   Skills:
 - Level 3.0 Fighting
 - Level 2.4 Maces & Flails
 + Level 5.3 Spellcasting


You had 10 spell levels left.
You knew the following spells:

 Your Spells              Type           Power      Damage    Failure   Level
a - Scorch                Fire           66%        2d8       2%          2
b - Sting                 Tmut/Pois      100%       1d8       1%          1
c - Passwall              Tmut/Erth      27%        N/A       2%          2
Your spell library was empty.

Dungeon Overview and Level Annotations

Branches:
Dungeon (4/15)
 Temple: D:4-7

Altars:
Nemelex Xobeh


Innate Abilities, Weirdness & Mutations

You are immune to sickness and miasma.
You are immune to poison.
Your flesh is very heat resistant. (rF++)
You are vulnerable to cold. (rC-)
You float through the air rather than walking.
You learn spells naturally, not from books.
Your magical power is your life essence.
You have superior vitality. (+4 MHP)


Message History

The orc priest is heavily wounded.
The foxfire hits the orc priest but does no damage.
The orc priest is heavily wounded.
The foxfire hits the orc priest.
The orc priest is severely wounded.
The foxfire hits the orc priest but does no damage.
Okay, then.
It was a potion of brilliance.
You feel clever all of a sudden.
It was a potion of ambrosia.
You are confused.
You feel invigorated. The orc priest misses you.
The orc priest closely misses you.
The orc priest attacks as you move away!
The orc priest hits you with a +0 mace.
You feel less invigorated.
You feel less confused.
The orc priest looks satisfied for a moment.
The orc priest attacks as you move away!
The orc priest misses you.
The orc priest invokes the aid of Beogh against you.
Pain shoots through your body!
Casting: Scorch (safe; 2% risk of failure)
Confirm with . or Enter, or press ? or * to list all spells.
You feel a surge of power!
Flames lash the orc priest.
The orc priest is moderately wounded.
The orc priest's fire resistance burns away.
The orc priest barely misses you.
Unknown command.
Casting: Scorch (safe; 2% risk of failure)
Confirm with . or Enter, or press ? or * to list all spells.
You feel a surge of power!
Flames lash the orc priest.
The orc priest is burned terribly!
The orc priest is severely wounded.
The orc priest calls down the wrath of Beogh upon you.
Beogh smites you!
* * * LOW HITPOINT WARNING * * *
The orc priest hits you with a +2 vampiric hand axe.
* * * LOW HITPOINT WARNING * * *
The orc priest hits you from afar with a +0 trident!
You die...

#......###..
#...........
#.))........
#...........
######......####.
..........### ###
.......o.## ##..#
#####oo## ##....
#@..#### ##....#
#..†...#####.....#
#...#.............#
#...#####..........#
#...## #.........##
#...# #.....##...#
.... ##...#####...
....# #...## #....
...# ##..## ##....


You could see 3 orc priests.

Vanquished Creatures
  Crazy Yiuf (D:2)
  A jelly (D:2)
  Ijyb (D:3)
  Natasha (thrice) (D:2)
  Terence (D:3)
  An orc wizard (D:3)
  An adder (D:3)
  A worm (D:3)
  2 dart slugs
  5 orcs
  5 ball pythons
  5 endoplasms
  3 giant cockroaches
  5 goblins
  6 hobgoblins
  2 quokkas
  4 bats
  7 frilled lizards
  4 kobolds
  3 rats
61 creatures vanquished.

Vanquished Creatures (others)
  17 foxfires (D:4)
17 creatures vanquished.

Grand Total: 78 creatures vanquished

Notes
Turn   | Place    | Note
-------+----------+-------------------------------------------
     0 | D:1      | Bruhh the Djinni Cinder Acolyte began the quest for the
                  | Orb.
     0 | D:1      | Reached XP level 1. HP: 20/20 MP: 0/0
   147 | D:1      | Reached XP level 2. HP: 16/25 MP: 0/0
   555 | D:1      | Reached skill level 3 in Spellcasting
   556 | D:1      | Found a faded altar of an unknown god.
   873 | D:1      | Reached XP level 3. HP: 28/30 MP: 0/0
   873 | D:1      | Learned a level 1 spell: Sting
  1219 | D:2      | Noticed Natasha
  1224 | D:2      | Killed Natasha
  1226 | D:2      | Reached XP level 4. HP: 21/35 MP: 0/0
  1463 | D:2      | Noticed Natasha
  1467 | D:2      | Killed Natasha
  1583 | D:2      | Noticed Natasha
  1591 | D:2      | Killed Natasha
  1592 | D:2      | Reached skill level 4 in Spellcasting
  1592 | D:2      | Reached XP level 5. HP: 20/40 MP: 0/0
  1592 | D:2      | Learned a level 2 spell: Passwall
  1908 | D:2      | Found a runed translucent door.
  1909 | D:2      | Noticed Crazy Yiuf
  2057 | D:2      | Killed Crazy Yiuf
  2583 | D:3      | Noticed Terence
  2591 | D:3      | Killed Terence
  2592 | D:3      | Reached XP level 6. HP: 36/46 MP: 0/0
  2596 | D:3      | Noticed Ijyb
  2600 | D:3      | Killed Ijyb
  2601 | D:3      | Reached skill level 5 in Spellcasting
  3308 | D:3      | Found a sparkling altar of Nemelex Xobeh.
  4157 | D:4      | Slain by an orc priest

Illustrated notes

Levels and vault maps discovered:
D:1:      erik_arrival_orb_chamber, layout_basic,
          hellmonk_ecumenical_altar_arch_garden, chequers_serial_rivers_micro_a,
          minmay_misc_feat_four_crosses, serial_bayou_pond_d
D:2:      layout_basic, serial_bayou_pond_d, mrwooster_statue_mirror,
          minmay_ruptured, uniq_crazy_yiuf_cottage, uniq_natasha
D:3:      layout_basic, mainiacjoe_overflow_alcove_2, uniq_terence, uniq_ijyb
D:4:      layout_layer_cave, kennysheep_orc_sif_temple,
          mainiacjoe_overflow_concentric_impassable, uniq_duvessa,
          uniq_menkaure, uniq_sigmund

Skill      XL: |  1  2  3  4  5  6 |
---------------+-------------------+-----
Spellcasting   | 3 4 5 |  5.3
Fighting       | |  3.0
Maces & Flails | |  2.4

Action                   |  1- 3 |  4- 6 || total
-------------------------+-------+-------++-------
Melee: Mace              |    26 |     1 ||    27
       Quarterstaff      |       |     7 ||     7
 Cast: Scorch            |    11 |    64 ||    75
       Sting             |       |     3 ||     3
Invok: Foxfire Swarm     |       |     1 ||     1
  Use: Potion            |       |     2 ||     2
Armor: Robe              |     3 |     6 ||     9
Dodge: Dodged            |    21 |    20 ||    41

Table legend: (Time is in decaauts)
 A = Elapsed time spent in this place.
 B = Non-inter-level travel time spent in this place.
 C = Inter-level travel time spent in this place.
 D = Time resting spent in this place.
 E = Time spent auto-exploring this place.
 F = Levels seen in this place.
 G = Mean time per level.
                   A        B        C        D        E       F      G
               +--------+--------+--------+--------+--------+-----+--------+
         Total |   4179 |   4018 |    161 |      0 |   3656 |   4 | 1044.8 |
       Dungeon |   4179 |   4018 |    161 |      0 |   3656 |   4 | 1044.8 |
               +--------+--------+--------+--------+--------+-----+--------+

Top non-repeatable levels by time:
     D:3: 1473 daAuts
     D:2: 1321 daAuts
     D:1: 1208 daAuts
     D:4: 175 daAuts
